 Dungeon Crawl Stone Soup version 0.22-a0 (webtiles) character file.

10342 Kidiri the Martial Artist (level 11, -3/89 HPs)
             Began as a White Draconian Transmuter on Dec 31, 2017.
             Was a Priest of Wu Jian.
             Slain by a wraith (9 damage)
             ... led by Josephine
             ... on level 11 of the Dungeon.
             The game lasted 00:29:17 (12788 turns).

Kidiri the Martial Artist (DrTm)                   Turns: 12788, Time: 00:29:18

Health: -3/89      AC: 10    Str: 14    XL:     11   Next: 34%
Magic:  12/18      EV: 16    Int: 13    God:    Wu Jian [***...]
Gold:   252        SH:  0    Dex: 14    Spells: 5/20 levels left

rFire    . . .     SeeInvis +     - Unarmed
rCold    + . .     Gourm    .   (shield currently unavailable)
rNeg     . . .     Faith    .   (armour unavailable)
rPois    .         Spirit   .   (helmet restricted)
rElec    .         Reflect  .   v - +2 cloak {+Inv}
rCorr    .         Harm     .   (gloves currently unavailable)
MR       .....                  (no boots)
Stlth    +++.......             e - amulet of regeneration
HPRegen  0.64/turn              o - ring of flight
MPRegen  0.16/turn              w - ring of see invisible

@: blade hands (expiring), slowed, drained, very slow
A: breathe frost, unfitting armour, horns 1, stinger 1, cold resistance 1,
screaming 1, cold-blooded, AC +7
a: Breathe Frost, End Transformation, Wall jump, Serpent's Lash, Renounce
Religion, Evoke Invisibility, Evoke Flight


You were on level 11 of the Dungeon.
You worshipped Wu Jian.
Wu Jian was most pleased with you.
You were very hungry.
You had blades for hands.
You visited 2 branches of the dungeon, and saw 12 of its levels.

You collected 667 gold pieces.
You spent 415 gold pieces at shops.

Inventory:

Missiles
 a - 143 arrows
 i - 310 stones (quivered)
 E - a throwing net
Armour
 v - a +2 cloak of invisibility (worn)
 L - a +2 pair of gloves (melded)
Jewellery
 e - an amulet of regeneration (around neck)
 o - a ring of flight (left scythe-like blade)
 w - a ring of see invisible (right scythe-like blade)
 D - an uncursed ring of fire
Wands
 b - a wand of scattershot (6)
 d - a wand of polymorph (13)
 u - a wand of random effects (49)
 B - a wand of enslavement (26)
 C - a wand of disintegration (15)
Scrolls
 g - 5 scrolls of remove curse
 j - 3 scrolls of immolation
 s - a scroll of teleportation
 x - 2 scrolls of magic mapping
 G - a scroll of amnesia
 I - a scroll of blinking
 J - 3 scrolls of identify
 K - 3 scrolls of vulnerability
Potions
 f - 3 potions of might
 h - 4 potions of agility
 k - 3 potions of lignification
 l - 4 potions of invisibility
 p - 2 potions of haste
 q - a potion of heal wounds
 r - 2 potions of flight
 t - a potion of resistance
 z - 4 potions of curing
 F - a potion of brilliance
Books
 n - a book of Misfortune

   Spells                             Type                      Level
   a - Confusing Touch                Hexes                        1
   b - Confuse                        Hexes                        3
   c - Gell's Gravitas                Translocation                3
   d - Petrify                        Transmutation/Earth          4
   e - Metabolic Englaciation         Hexes/Ice                    5
   f - Yara's Violent Unravelling     Hexes/Transmutation          5
 A - a Young Poisoner's Handbook

   Spells                             Type                      Level
   a - Sting                          Conjuration/Poison           1
   b - Poisonous Vapours              Poison/Air                   2
   c - Mephitic Cloud                 Conjuration/Poison/Air       3
   d - Olgreb's Toxic Radiance        Poison                       4
   e - Venom Bolt                     Conjuration/Poison           5
Comestibles
 c - 20 rations
 m - a chunk of flesh


   Skills:
 + Level 5.7(5.5) Fighting
 * Level 6.9(6.7) Dodging
 * Level 6.3(6.1) Stealth
 * Level 8.0(7.8) Unarmed Combat
 + Level 5.0(4.7) Spellcasting
 * Level 7.6(7.4) Transmutations
 + Level 5.4(5.2) Ice Magic
 + Level 4.7(4.4) Poison Magic
 + Level 4.4(4.2) Evocations


You had 5 spell levels left.
You knew the following spells:

 Your Spells              Type           Power        Failure   Level  Hunger
a - Beastly Appendage     Tmut           ###...       14%         1    None
b - Sticks to Snakes      Tmut           ###.....     17%         2    ##.....
c - Spider Form           Tmut/Pois      ###.......   32%         3    ###....
d - Ice Form              Ice/Tmut       ###.....     54%         4    ####...
e - Blade Hands           Tmut           ###.......   69%         5    ######.


Dungeon Overview and Level Annotations

Branches:
Dungeon (11/15)            Temple (1/1) D:7            Lair (0/6) D:10
    Orc: D:9-12

Altars:
Ashenzari
Cheibriados
Dithmenos
Elyvilon
Fedhas
Gozag
Hepliaklqana
Kikubaaqudgha
Makhleb
Nemelex Xobeh
Okawaru
Qazlal
Ru
Sif Muna
Trog
Uskayaw
Vehumet
Wu Jian
Xom
Yredelemnul
Zin
The Shining One

Shops:
D:8 ?   D:10 :

Annotations:
D:7 1 runed door


Innate Abilities, Weirdness & Mutations

You can breathe waves of freezing cold.
You can buffet flying creatures when you breathe cold.
Your icy white scales are hard. (AC +7)
You cannot fit into any form of body armour.
Your flesh is cold resistant. (rC+)
You are cold-blooded and may be slowed by cold attacks.
You have a pair of small horns on your head.
Your tail ends in a poisonous barb.
You occasionally shout uncontrollably at your foes.


Message History

The wraith is heavily damaged.
The wraith hits you! The yak gores you!
* * * LOW HITPOINT WARNING * * *
A goblin and a cyclops come into view.
Unknown command.
As you read the scroll of fear, it crumbles to dust.
You assume a fearsome visage.
The goblin looks frightened! x2
The wraith is unaffected.
The yak looks frightened! x6
The cyclops looks frightened!
The wraith hits you!
* * * LOW HITPOINT WARNING * * *
The wraith drains your vigour!
You feel as though you will be slow longer.
The goblin moves out of view.
The cyclops moves out of view.
The wraith misses you.
Cornered, the yak turns to fight!
A jelly comes into view.
You slash the wraith!
The wraith is severely damaged.
Your transformation is almost over.
Cornered, the yak turns to fight!
The wraith hits you!
You die...

****+****** ***+***** *,*
*,,* *,* **,*** ****+#*****
*,,,* *,,,...,,,*
*******∩*** *,,,....,,*
*,,,,,,,,,* *,,,.....,*
*,,,,,,,,,*
*,,,......########..,,,,,,,*
*,,,...g..W@YY.YYYJ.,,,,,,,*
*,,,......########..,,,,,,,*
*,,,.....,* *,,,,,,,,,*
****,,,....,,* *,,,,,,,,,,
*,,,,,,...,,,* *,,,,,,,,,*
*,**,,,..,,,,* *,,,,,,,,,*
*,,,,,,.,,,,,* *,,,,,,,,,*
*,,≈≈≈≈≈≈≈,,,* *,,,,,,,,,*
*,,≈*****≈,,,* ***,*******


You could see 5 yaks, a wraith, a jelly and a goblin (fleeing).

Vanquished Creatures
  Josephine (D:11)
  2 two-headed ogres
  A cyclops (D:10)
  A troll (D:8)
  A hippogriff (D:9)
  10 yaks
  A shadow (D:10)
  3 wraiths (D:11)
  A water moccasin (D:7)
  2 sky beasts
  2 black bears
  A phantom (D:5)
  2 orc warriors
  An ice beast (D:8)
  7 ogres
  An eye of draining (D:10)
  A necrophage (D:9)
  2 centaurs
  Blork the orc (D:5)
  4 bullfrogs
  A wyvern zombie (D:10)
  8 scorpions
  A water moccasin skeleton (D:9)
  9 wights (D:9)
  4 howler monkeys
  9 crimson imps
  6 hounds
  5 centaur skeletons
  9 orc priests
  Crazy Yiuf (D:4)
  3 jellies
  9 orc wizards
  2 iguanas
  9 worker ants
  3 worker ant zombies
  Robin (D:4)
  A howler monkey skeleton (D:8)
  17 adders
  A white imp (D:5)
  An ooze (D:4)
  2 adder skeletons
  6 worms
  A dart slug (D:2)
  3 leopard geckos
  38 orcs
  A ball python (D:2)
  9 giant cockroaches
  7 hobgoblins
  14 jackals
  4 quokkas
  7 bats
  4 frilled lizards
  15 goblins
  10 kobolds
  A quokka skeleton (D:7)
  4 rats
271 creatures vanquished.

Vanquished Creatures (others)
  An orc wizard (D:5)
1 creature vanquished.

Grand Total: 272 creatures vanquished

Notes
Turn   | Place    | Note
-------+----------+-------------------------------------------
     0 | D:1      | Kidiri the Draconian Transmuter began the quest for the Orb.
     0 | D:1      | Reached XP level 1. HP: 16/16 MP: 3/3
   337 | D:1      | Reached XP level 2. HP: 16/23 MP: 3/5
   352 | D:1      | Learned a level 2 spell: Sticks to Snakes
   843 | D:1      | Reached XP level 3. HP: 20/28 MP: 4/6
   856 | D:1      | Learned a level 3 spell: Spider Form
  2393 | D:3      | Reached XP level 4. HP: 36/36 MP: 5/7
  2596 | D:3      | Found a faded altar of an unknown god.
  2824 | D:3      | Found a glowing golden altar of the Shining One.
  3188 | D:4      | Reached XP level 5. HP: 32/41 MP: 5/8
  3771 | D:4      | Reached skill level 1 in Poison Magic
  3981 | D:4      | Reached skill level 1 in Stealth
  3985 | D:4      | Reached skill level 4 in Unarmed Combat
  3987 | D:4      | Noticed Robin
  4011 | D:4      | Killed Robin
  4222 | D:4      | Found an iron altar of Okawaru.
  4536 | D:4      | Reached XP level 6. HP: 25/48 MP: 5/9
  5070 | D:4      | Learned a level 4 spell: Ice Form
  5144 | D:4      | Gained mutation: Your tail ends in a poisonous barb. [potion of mutation]
  5144 | D:4      | Gained mutation: You occasionally shout uncontrollably at your foes. [potion of mutation]
  5144 | D:4      | Gained mutation: You have a pair of small horns on your head. [potion of mutation]
  5363 | D:4      | Found a runed door.
  5604 | D:4      | Noticed Crazy Yiuf
  5612 | D:4      | Killed Crazy Yiuf
  5809 | D:5      | Entered Level 5 of the Dungeon
  5956 | D:5      | Your scales start taking on an icy white colour.
  5956 | D:5      | Reached XP level 7. HP: 54/56 MP: 11/11
  5956 | D:5      | Gained mutation: Your flesh is cold resistant. (rC+) [White Draconian growth]
  6013 | D:5      | Noticed Blork the orc
  6032 | D:5      | Killed Blork the orc
  6032 | D:5      | Reached skill level 1 in Ice Magic
  6113 | D:5      | Reached skill level 1 in Evocations
  6666 | D:5      | Reached skill level 5 in Unarmed Combat
  6823 | D:6      | Reached XP level 8. HP: 63/63 MP: 12/12
  7838 | D:7      | Reached skill level 5 in Transmutations
  8205 | D:7      | Found a staircase to the Ecumenical Temple.
  8283 | Temple   | Entered the Ecumenical Temple
  8575 | Temple   | Became a worshipper of the Wu Jian Council
  8612 | D:7      | Reached XP level 9. HP: 57/71 MP: 14/14
  8655 | D:7      | Found a runed door.
  8655 | D:7      | Found a white marble altar of Elyvilon.
  8656 | D:7      | Noticed an angel
  9080 | D:8      | Learned a level 5 spell: Blade Hands
  9101 | D:8      | Reached skill level 5 in Dodging
  9210 | D:8      | Reached skill level 6 in Unarmed Combat
  9317 | D:8      | Noticed a troll
  9333 | D:8      | Killed a troll
  9487 | D:8      | Reached * piety under Wu Jian
  9577 | D:8      | Found Icyopp's Magic Scroll Emporium.
  9585 | D:8      | Bought a scroll of fear for 35 gold pieces
  9585 | D:8      | Bought a scroll of blinking for 75 gold pieces
  9585 | D:8      | Bought a scroll of identify for 20 gold pieces
  9585 | D:8      | Bought a scroll of identify for 20 gold pieces
  9585 | D:8      | Bought 2 scrolls of vulnerability for 150 gold pieces
  9585 | D:8      | Bought a scroll of identify for 20 gold pieces
  9585 | D:8      | Bought a scroll of identify for 20 gold pieces
  9701 | D:8      | Bought a scroll of enchant armour for 75 gold pieces
  9974 | D:9      | Noticed a two-headed ogre
 10036 | D:9      | Killed a two-headed ogre
 10036 | D:9      | Reached XP level 10. HP: 55/80 MP: 4/16
 10128 | D:9      | Reached skill level 7 in Unarmed Combat
 10298 | D:9      | Reached skill level 5 in Fighting
 10485 | D:9      | Reached ** piety under Wu Jian
 10485 | D:9      | Reached skill level 5 in Stealth
 11092 | D:10     | Entered Level 10 of the Dungeon
 11139 | D:10     | Noticed a cyclops
 11463 | D:10     | Reached *** piety under Wu Jian
 11703 | D:10     | Found a staircase to the Lair.
 11776 | D:10     | Reached skill level 5 in Ice Magic
 11982 | D:10     | Noticed a two-headed ogre
 11989 | D:10     | Killed a two-headed ogre
 11989 | D:10     | Reached XP level 11. HP: 79/87 MP: 7/18
 11990 | D:10     | Found Bomez's Book Shop.
 12758 | D:11     | Noticed Josephine
 12774 | D:11     | Killed Josephine
 12774 | D:11     | Reached skill level 8 in Unarmed Combat
 12780 | D:11     | Reached skill level 5 in Spellcasting
 12788 | D:11     | Slain by a wraith

Vault maps used:
D:1:      lightli_arrival_isolated_outpost
D:2:      first_ration
D:3:      tso_oasis_becter, chequers_ecumenical_altar_island
D:4:      minivault_5, okawaru_gym_becter, uniq_robin, uniq_crazy_yiuf_cottage
D:5:      minmay_fire_ice_demons, uniq_blork_the_orc
D:6:      minivault_5
D:7:      minmay_temple_entry_statues, lemuel_angel_altar
D:8:      serial_shops, shop, grunt_ogre_cave
D:10:     lair_entry_dummy, serial_shops, nicolae_shop_trees
D:11:     enter_bailey_3, serial_shops, shop, minmay_protected_statue,
          uniq_josephine
Temple:   regret_index_temple_sigil_plot

Skill      XL: |  1  2  3  4  5  6  7  8  9 10 11 |
---------------+----------------------------------+-----
Dodging        | 2 3 4 5 6 |  6.9
Fighting       | 2 3 4 5 |  5.7
Transmutations | 3 4 5 6 7 |  7.6
Poison Magic   | 1 2 3 4 |  4.7
Stealth        | 1 2 3 4 5 6 |  6.3
Unarmed Combat | 4 5 6 7 8 |  8.0
Ice Magic      | 1 2 3 5 |  5.4
Evocations     | 1 2 3 4 |  4.4
Spellcasting   | 3 4 5 |  5.0

Action                   |  1- 3 |  4- 6 |  7- 9 | 10-12 || total
-------------------------+-------+-------+-------+-------++-------
Melee: Unarmed           |   171 |   200 |   372 |   391 ||  1134
       Tailslap          |    16 |     9 |    23 |    33 ||    81
       Kick              |     3 |    16 |     4 |       ||    23
       Headbutt          |     6 |     5 |    63 |    69 ||   143
       Punch             |     2 |     2 |     4 |    13 ||    21
Throw: Stone             |     2 |       |       |       ||     2
 Cast: Beastly Appendage |    13 |     7 |     2 |       ||    22
       Spider Form       |       |     7 |     5 |       ||    12
       Ice Form          |       |       |     6 |     4 ||    10
       Sticks to Snakes  |       |       |     4 |       ||     4
       Blade Hands       |       |       |       |     5 ||     5
Invok: Lunge             |       |       |     9 |    22 ||    31
       Whirlwind         |       |       |       |     6 ||     6
       Wall jump         |       |       |       |     2 ||     2
 Abil: Breathe Frost     |       |       |     6 |     4 ||    10
  Use: Potion            |     1 |     4 |     1 |     1 ||     7
       Scroll            |       |     5 |    15 |     3 ||    23
 Stab: Sleeping          |     1 |     2 |     5 |     2 ||    10
       Distracted        |       |       |     1 |     2 ||     3
  Eat: Chunk             |     5 |    14 |    16 |    15 ||    50
Armor: Skin              |    56 |    47 |    79 |    81 ||   263
Dodge: Dodged            |   125 |   115 |   267 |   209 ||   716

Table legend:
 A = Spawn XP
 B = Non-spawn XP
 C = Spawn XP percentage of total XP
 D = Spawn monster count
 E = Non-spawn monster count
 F = Spawn count percentage of total count
 G = Total turns spent on level
                    A         B        C        D         E        F      G
               +---------+---------+-------+---------+---------+-------+---------
         Total |       0 |   14775 |   0.0 |       0 |     268 |   0.0 | 12788
               +---------+---------+-------+---------+---------+-------+---------
           D:1 |       0 |      41 |   0.0 |       0 |      25 |   0.0 |   982
           D:2 |       0 |      55 |   0.0 |       0 |      19 |   0.0 |  1425
           D:3 |       0 |      17 |   0.0 |       0 |       8 |   0.0 |   796
           D:4 |       0 |     532 |   0.0 |       0 |      34 |   0.0 |  2659
           D:5 |       0 |     704 |   0.0 |       0 |      19 |   0.0 |   980
           D:6 |       0 |     451 |   0.0 |       0 |      10 |   0.0 |   764
           D:7 |       0 |    1161 |   0.0 |       0 |      31 |   0.0 |  1214
           D:8 |       0 |    1398 |   0.0 |       0 |      24 |   0.0 |   751
           D:9 |       0 |    3892 |   0.0 |       0 |      53 |   0.0 |  1252
          D:10 |       0 |    4224 |   0.0 |       0 |      35 |   0.0 |  1616
          D:11 |       0 |    2300 |   0.0 |       0 |      10 |   0.0 |    49
               +---------+---------+-------+---------+---------+-------+---------
